 Dungeon Crawl Stone Soup version 0.17-a0-670-g5d95ebd (webtiles) character file.

121 hulla the Digger (level 5, -3/31 HPs)
             Began as an Octopode Earth Elementalist on Apr 18, 2015.
             Slain by a gnoll
             ... wielding a +0 spear
              (4 damage)
             ... on level 3 of the Dungeon.
             The game lasted 00:08:21 (2881 turns).

hulla the Digger (Octopode Earth Elementalist)      Turns: 2881, Time: 00:08:21

Health: -3/31      AC:  1    Str:  8    XL:     5   Next: 5%
Magic:  1/8        EV: 12    Int: 18    God:
Gold:   172        SH:  0    Dex: 12    Spells: 2 memorised, 4 levels left

rFire  . . .     SeeInvis .     t - +2 whip (elec)
rCold  . . .     Clarity  .     (no shield)
rNeg   . . .     SustAb   .     (helmet restricted)
rPois  .         Gourm    .     (no amulet)
rElec  .         Spirit   .     (no ring)
rCorr  .         Warding  .     (no ring)
rMut   .         Stasis   .     (no ring)
MR     .....                    (no ring)
Stlth  ++++......               (no ring)
                                (no ring)
                                (no ring)
                                (no ring)

@: very slightly contaminated, not resistant to hostile enchantments, stealthy
A: almost no armour, amphibious, 8 rings, constrict 8, camouflage 1, gelatinous
body 1
a: no special abilities


You were on level 3 of the Dungeon.
You were hungry.

You visited 1 branch of the dungeon, and saw 3 of its levels.

You collected 172 gold pieces.

Inventory:

Hand weapons
 q - a +0 dagger
 t - a +2 whip of electrocution (weapon)
Missiles
 b - 62 stones (quivered)
 j - 39 arrows
Magical devices
 m - a wand of flame (17)
Scrolls
 c - a scroll of teleportation {unknown}
 h - 2 scrolls of remove curse {unknown}
 l - a scroll of random uselessness {unknown}
 n - 3 scrolls of identify
 p - a scroll of enchant armour {unknown}
 r - a scroll of amnesia {unknown}
 s - a scroll of blinking {unknown}
Potions
 e - 2 potions of curing
 i - a potion of ambrosia {unknown}
 o - 2 potions of heal wounds
 u - a potion of agility {unknown}
Books
 d - a book of Geomancy

   Spells                             Type                      Level
   a - Sandblast                      Earth                        1
   b - Stoneskin                      Transmutation/Earth          2
   c - Passwall                       Transmutation/Earth          3
   d - Stone Arrow                    Conjuration/Earth            3
   e - Petrify                        Transmutation/Earth          4
   f - Lee's Rapid Deconstruction     Earth                        5
Comestibles
 a - 2 bread rations
 f - 2 slices of pizza
 g - a royal jelly
 k - 2 meat rations
 v - 7 chunks of flesh


   Skills:
 - Level 2.2 Dodging
 - Level 4.3 Stealth
 - Level 2.0 Spellcasting
   Level 1.0 Transmutations
 + Level 4.8 Earth Magic


You had 4 spell levels left.
You knew the following spells:

 Your Spells              Type           Power        Failure   Level  Hunger
a - Sandblast             Erth           ###...       2%          1    #......
b - Stone Arrow           Conj/Erth      ##....       24%         3    ###....


Dungeon Overview and Level Annotations

Branches:
Dungeon (3/15)

Altars:
Ashenzari
Makhleb


Innate Abilities, Weirdness & Mutations

You cannot wear most types of armour.
You are amphibious.
You can wear up to eight rings at the same time.
You can use your tentacles to constrict eight enemies at once.
Your skin changes colour to match your surroundings (Stealth).
Your rubbery body absorbs attacks (AC +1).


Message History

The gnoll barely misses you.
The gnoll hits you from afar with a spear!
The gnoll hits you with a halberd!
* * * LOW HITPOINT WARNING * * *
You barely miss the gnoll. Your grab misses the gnoll.
The gnoll completely misses you.
You hit the gnoll. Your grab misses the gnoll.
The gnoll is moderately wounded.
The gnoll closely misses you. The gnoll hits you but does no damage.
You hit the gnoll. You grab the gnoll.
The gnoll is moderately wounded.
You constrict the gnoll. The gnoll hits you with a halberd!
* * * LOW HITPOINT WARNING * * *
The gnoll hits you but does no damage.
You whack the gnoll!
There is a sudden explosion of sparks!
You kill the gnoll!
You have reached level 5!
You feel stronger.
The gnoll hits you from afar with a spear.
You die...

##..##.#
#.##.##
###.#.#
#.####
##.#..#
#...#
#.###.#
###.#
##.#.## #.#
##.##
####.###
#.#
#...)...
#########.#
#.#####.
#....g)@..#
#.# #.
#.#########
#[# #. #.#
#. #.#####.
#.......
#####...
####


You could see a gnoll.

Vanquished Creatures
  Natasha (D:2)
  2 gnolls (D:3)
  2 adders (D:2)
  2 worms (D:2)
  3 giant geckos
  2 ball pythons
  8 giant cockroaches
  5 goblins
  5 hobgoblins
  6 jackals (D:1)
  6 bats
  2 giant newts
  4 rats
48 creatures vanquished.

Notes
Turn   | Place    | Note
--------------------------------------------------------------
     0 | D:1      | hulla, the Octopode Earth Elementalist, began the quest for the Orb.
     0 | D:1      | Reached XP level 1. HP: 11/11 MP: 3/3
   625 | D:1      | Reached XP level 2. HP: 13/17 MP: 5/5
  1630 | D:2      | Reached XP level 3. HP: 13/21 MP: 6/6
  1635 | D:2      | Learned a level 3 spell: Stone Arrow
  1877 | D:2      | Found a burning altar of Makhleb.
  2210 | D:2      | Noticed Natasha
  2214 | D:2      | Killed Natasha
  2214 | D:2      | Reached skill level 4 in Stealth
  2214 | D:2      | Reached XP level 4. HP: 24/27 MP: 7/7
  2784 | D:3      | Found a shattered altar of Ashenzari.
  2880 | D:3      | HP: 1/27 [gnoll/halberd (7)]
  2881 | D:3      | Reached XP level 5. HP: 1/31 MP: 1/8
  2881 | D:3      | Slain by a gnoll

Action                   |  1- 3 |  4- 6 || total
-------------------------+-------+-------++-------
Melee: Unarmed           |    56 |       ||    56
       Whip              |    14 |    28 ||    42
       Dagger            |     7 |       ||     7
Throw: Stone             |     2 |       ||     2
 Cast: Sandblast         |    14 |       ||    14
       Stone Arrow       |       |     1 ||     1
  Use: Scroll            |       |     2 ||     2
 Stab: Sleeping          |     7 |     5 ||    12
  Eat: Chunk             |     4 |     2 ||     6
